Map: Romanticide LE

Players

黑羽快斗 (ButAlways)

  • Race: Protoss Protoss
  • League: Master

Has - Winner!

  • Race: Protoss Protoss

Event: DreamHack SC2 Masters 2021 Summer

VOD

Have the link to the VOD?

Description

Time

  • Played on: May 21, 2021, 8:54 a.m.
  • Length: 8:05

All games in this series

Show
View Real Time Build Order
Export as new Build Order

黑羽快斗 Protoss 

Build Orders:  

Get SALT Encoding   

  12  0:00  Probe  
  13  0:12  Probe  
  14  0:18  Pylon  
  14  0:24  Probe  
  15  0:36  Probe (Chrono Boost), Gateway  
  16  0:46  Probe (Chrono Boost), Assimilator  
  17  0:51  Probe (Chrono Boost)  
  17  0:55  Assimilator  
  18  1:03  Probe (Chrono Boost)  
  19  1:09  Gateway  
  19  1:13  Probe (Chrono Boost)  
  19  1:18  Probe (Chrono Boost)  
  21  1:26  Cybernetics Core  
  21  1:29  Probe  
  22  1:37  Pylon  
  22  1:41  Probe  
  23  2:02  Stargate  
  23  2:03  Adept x2  
  27  2:09  Pylon  
  27  2:12  Warp Gate  
  27  2:36  Pylon  
  29  2:50  Stalker x2  
  31  2:55  Robotics Facility  
  31  2:56  Probe  
  31  3:07  Pylon  
  31  3:13  Gateway  
  31  3:25  Stalker x2  
  35  3:32  Pylon  
  35  3:35  Shield Battery  
  35  3:43  Warp Prism (Chrono Boost)  
  37  3:59  Robotics Bay  
  37  4:07  Stalker  
  39  4:15  Pylon  
  40  4:33  Adept x2  
  43  4:44  Disruptor (Chrono Boost), Stalker  
  48  4:54  Pylon  
  48  5:12  Disruptor (Chrono Boost), Adept  
  53  5:18  Adept  
  53  5:19  Adept  
  57  5:29  Pylon  
  57  5:30  Pylon  
  55  5:39  Observer (Chrono Boost)  
  56  5:48  Adept x2  
  60  5:50  Adept  
  54  6:15  Stalker x3  
  56  6:30  Immortal (Chrono Boost)  
  52  7:03  Immortal  
  52  7:04  Adept x3  
Show
View Real Time Build Order
Export as new Build Order

Has Protoss - Winner!

Build Orders: Colossus Rush 

Get SALT Encoding   

  12  0:00  Probe  
  13  0:12  Probe  
  14  0:17  Pylon  
  14  0:24  Probe (Chrono Boost)  
  16  0:36  Probe (Chrono Boost)  
  16  0:37  Gateway  
  16  0:42  Probe (Chrono Boost)  
  16  0:46  Assimilator  
  17  0:51  Probe  
  17  0:55  Assimilator  
  18  1:03  Probe (Chrono Boost)  
  19  1:08  Gateway  
  19  1:13  Probe (Chrono Boost)  
  19  1:18  Probe (Chrono Boost)  
  21  1:27  Cybernetics Core  
  21  1:29  Probe  
  22  1:33  Pylon  
  22  1:41  Probe  
  23  1:53  Probe  
  24  2:03  Stalker x2  
  24  2:05  Warp Gate  
  28  2:10  Probe  
  28  2:13  Pylon  
  29  2:18  Pylon  
  29  2:33  Stalker x2  
  33  2:41  Probe  
  34  2:52  Shield Battery  
  34  2:53  Probe  
  35  3:03  Robotics Facility  
  35  3:05  Probe  
  35  3:14  Shield Battery  
  35  3:17  Probe  
  36  3:29  Shield Battery  
  36  3:31  Probe  
  37  3:41  Nexus  
  37  3:45  Pylon  
  37  3:48  Pylon  
  37  3:51  Observer (Chrono Boost)  
  37  4:03  Immortal (Chrono Boost)  
  37  4:09  Sentry x2  
  45  4:14  Shield Battery  
  45  4:18  Probe  
  46  4:31  Immortal (Chrono Boost)  
  46  4:35  Sentry  
  52  4:43  Shield Battery  
  52  4:45  Probe  
  52  4:49  Stalker  
  55  4:54  Probe  
  56  5:04  Warp Prism (Chrono Boost)  
  58  5:07  Observer  
  58  5:08  Colossus (Chrono Boost)  
  58  5:09  Sentry  
  60  5:14  Gateway  
  62  5:22  Immortal (Chrono Boost)  
  62  5:25  Stargate  
  62  5:26  Probe x2  
  62  5:39  Shield Battery x2  
  62  5:43  Adept  
  62  5:44  Adept  
  66  5:52  Probe x2  
  68  6:06  Probe  
  70  6:30  Pylon  
  70  6:31  Phoenix (Chrono Boost), Pylon  
  70  6:32  Pylon, Immortal  
  69  6:44  Pylon  
  69  6:58  Probe  
  69  6:59  Probe, Phoenix (Chrono Boost)  
  69  7:00  Adept  
  69  7:01  Adept x2  
  79  7:11  Immortal  
  79  7:12  Probe x2  
  79  7:15  Pylon  
  84  7:21  Phoenix (Chrono Boost)  
  78  7:30  Probe  
  78  7:32  Adept x3  
  78  7:33  Probe  
  80  7:42  Probe  
  75  7:45  Probe  
  75  7:48  Assimilator  
  75  7:49  Assimilator  
Tags
 
Add a new tag
Caveats
  • Supply blocks, unpowered buildings, or Contaminate may cause inaccurate times.
  • Supply counts are checked every 10 seconds.